 Dungeon Crawl Stone Soup version 0.23.0-3-gf3c87f2 (webtiles) character file.

Game seed: 12772538814236278149

11476 Kairos the Thaumaturge (level 11, -55/53 HPs)
             Began as a Vine Stalker Necromancer on Feb 20, 2019.
             Was a High Priest of Okawaru.
             Annihilated by an enormous slime creature (66 damage)
             ... on level 10 of the Dungeon.
             The game lasted 00:44:50 (10597 turns).

Kairos the Thaumaturge (Vine Stalker Necromancer)  Turns: 10597, Time: 00:44:50

Health: -55/53     AC: 19    Str: 17    XL:     11   Next: 78%
Magic:  0/25       EV:  9    Int: 15    God:    Okawaru [*****.]
Gold:   138        SH:  0    Dex: 19    Spells: 21/28 levels left

rFire    . . .     SeeInvis .   A - +1 hand axe (flame)
rCold    . . .     Gourm    +   (no shield)
rNeg     + . .     Faith    .   a - +3 chain mail
rPois    .         Spirit   +   m - +2 hat
rElec    .         Reflect  .   k - +0 cloak
rCorr    .         Harm     .   H - +1 pair of gloves {Str+3}
MR       +....                  x - +0 pair of boots
Stlth    ..........             G - amulet of the gourmand
HPRegen  0.57/turn              r - ring of positive energy
MPRegen  0.19/turn              E - +4 ring of dexterity

@: no status effects
A: fangs 3, regeneration 1, magic shield, antimagic bite, no potion heal 3, rot
immunity
a: Heroism, Finesse, Renounce Religion


You were on level 10 of the Dungeon.
You worshipped Okawaru.
Okawaru was extremely pleased with you.
You were near starving.

You visited 1 branch of the dungeon, and saw 10 of its levels.
You also visited: Sewer.

You collected 471 gold pieces.
You spent 333 gold pieces at shops.

Inventory:

Hand Weapons
 b - the +5 shortbow of the Pits of Slime {freeze, rElec rC++ Dex-3 SInv}
   (You found it on level 7 of the Dungeon)

   It causes projectiles fired from it to freeze those they strike, causing
   extra injury to most foes and up to half again as much damage against
   particularly susceptible opponents.
   They can also slow down cold-blooded creatures.
   It affects your dexterity (-3).
   It greatly protects you from cold.
   It insulates you from electricity.
   It lets you see invisible.
 e - a +3 mace of venom
 q - a cursed -1 arbalest
 z - a +0 hunting sling of freezing
 A - a +1 hand axe of flaming (weapon)
 K - a +4 morningstar
 P - the +4 battleaxe of Zoafulof {chop, rPois rC- MR+ Int+2}
   (You bought it in a shop on level 10 of the Dungeon)

   It inflicts extra damage upon your enemies.
   It affects your intelligence (+2).
   It makes you vulnerable to cold.
   It protects you from poison.
   It affects your resistance to hostile enchantments.
Missiles
 j - 170 arrows
Armour
 a - a +3 chain mail (worn)
 g - a +0 ring mail
 k - a +0 cloak (worn)
 m - a +2 hat (worn)
 x - a +0 pair of boots (worn)
 H - a +1 pair of gloves of strength (worn)
Jewellery
 r - a ring of positive energy (left hand)
 E - a +4 ring of dexterity (right hand)
 G - an amulet of the gourmand (around neck)
 N - an uncursed ring of protection from fire {unknown}
Wands
 i - a wand of acid (3)
 F - a wand of paralysis (8)
 J - a wand of disintegration (12)
 L - a wand of enslavement (7)
 M - a wand of scattershot (6)
Scrolls
 h - 6 scrolls of remove curse
 l - 4 scrolls of teleportation
 n - 3 scrolls of fear
 t - 2 scrolls of immolation
 u - 2 scrolls of fog
 w - 4 scrolls of enchant armour
 y - a scroll of blinking
 D - a scroll of magic mapping
 I - 3 scrolls of identify
Potions
 d - a potion of resistance
 f - 4 potions of brilliance
 o - 2 potions of magic
 p - a potion of flight
 s - 2 potions of haste
 v - 3 potions of lignification
 B - 3 potions of curing {unknown}
 C - a potion of mutation {unknown}
 O - a potion of agility {unknown}
Comestibles
 c - 25 rations


   Skills:
 + Level 4.0 Fighting
 + Level 4.8(5.3) Axes
 + Level 3.4(4.6) Maces & Flails
 + Level 7.8 Bows
 + Level 4.8 Armour
 + Level 3.6 Dodging
 + Level 4.7 Stealth
 + Level 9.1 Spellcasting
 + Level 0.1 Charms
 + Level 8.7 Necromancy
 + Level 0.2 Invocations


You had 21 spell levels left.
You knew the following spells:

 Your Spells              Type           Power        Failure   Level  Hunger
a - Pain                  Necr           ####         4%          1    None
b - Vampiric Draining     Necr           ####......   12%         3    #......
c - Regeneration          Chrm/Necr      ###.......   56%         3    #......

Your spell library contained the following spells:

 Spells                   Type           Power        Failure   Level  Hunger
 Animate Skeleton         Necr           N/A          4%          1    None
 Animate Dead             Necr           N/A          36%         4    ###....
 Magic Dart               Conj           #...         82%         1    None
 Blink                    Tloc           N/A          91%         2    None
 Call Imp                 Summ           #.......     91%         2    None
 Slow                     Hex            #.......     91%         2    None
 Conjure Flame            Conj/Fire      #.......     99%         3    #......
 Mephitic Cloud           Conj/Pois/Air  #.......     99%         3    #......


Dungeon Overview and Level Annotations

Branches:
Dungeon (10/15)            Temple (0/1) D:6            Lair (0/6) D:10
    Orc: D:9-12

Altars:
Elyvilon
Gozag
Hepliaklqana
Makhleb
Okawaru
Ru
Uskayaw
Wu Jian
Yredelemnul
Jiyva

Shops:
D:4 !   D:10 (

Annotations:
D:9 2 runed translucent doors, ohad's ghost, novice OpTm


Innate Abilities, Weirdness & Mutations

You have razor-sharp teeth.
Your natural rate of healing is unusually fast.
When hurt, damage is shared between your health and your magic reserves.
Your bite disrupts and absorbs the magic of your enemies.
Potions cannot restore your health.
You are immune to rotting.


Message History

You are near starving!
You slash the very large slime creature!
You burn the very large slime creature. You bite the very large slime creature.
You drain its power.
The very large slime creature is moderately wounded.
The very large slime creature closely misses you.
Two slime creatures merge to form an enormous slime creature.
You slash the enormous slime creature! You burn the enormous slime creature.
You bite the enormous slime creature! You drain its power.
The enormous slime creature is moderately wounded.
Unknown command.
Your chain mail prevents you from hitting the enormous slime creature.
You bite the enormous slime creature. You drain its power.
The enormous slime creature is moderately wounded.
The enormous slime creature hits you!!!
Ouch! That really hurt!
* * * LOW HITPOINT WARNING * * *
The enormous slime creature hits you!!!
Ouch! That really hurt!
You die...

##.##..........###
#. ##########.#.##
# #....# ###.##
#.# ## #.# #.###<#
## ...#J# . #.#@#
#. #.(.# #.###.###
#.....# ###.###
#+# #.# #.# #.#
##.# #.# .#.## #.#


You could see an enormous slime creature.

Vanquished Creatures
  Erolcha (D:9)
  Harold (D:7)
  2 two-headed ogres (D:8)
  An ugly thing (D:9)
  Psyche (D:8)
  A gargoyle (D:10)
  A centaur skeleton (D:10)
  Prince Ribbit (D:7)
  3 trolls (D:10)
  A hippogriff (D:7)
  A hungry ghost (D:10)
  6 yaks (D:10)
  Grum (D:8)
  2 ice beasts
  Duvessa (D:6)
  3 orc warriors
  5 necrophages (D:9)
  5 ogres
  A phantom (D:7)
  5 wolves
  2 centaurs
  A crocodile (Sewer)
  5 bullfrogs
  A wyvern zombie (D:10)
  Dowan (D:6)
  2 scorpions
  A water moccasin skeleton (D:6)
  10 killer bees
  6 wights
  4 electric eels (D:10)
  12 howler monkeys
  A bullfrog zombie (D:8)
  7 crimson imps
  A quasit (D:5)
  4 orc priests
  4 hounds
  8 jellies
  2 bullfrog skeletons
  2 iguanas
  2 worker ants
  7 orc wizards
  A hound skeleton (D:7)
  A mummy (D:9)
  2 worker ant zombies
  6 gnolls
  A howler monkey skeleton (D:10)
  2 adders (D:4)
  8 oozes
  3 adder skeletons
  2 worms
  A dart slug (D:1)
  6 leopard geckos
  27 orcs
  4 giant cockroaches
  7 goblins
  9 hobgoblins
  9 jackals
  8 kobolds
  4 quokkas
  9 bats
  9 frilled lizards
  3 leopard gecko skeletons
  10 rats
  A spectral orc (D:4)
259 creatures vanquished.

Notes
Turn   | Place    | Note
-------+----------+-------------------------------------------
     0 | D:1      | Kairos the Vine Stalker Necromancer began the quest for the
                  | Orb.
     0 | D:1      | Reached XP level 1. HP: 9/9 MP: 4/4
   530 | D:1      | Reached XP level 2. HP: 12/13 MP: 3/6
   840 | D:1      | Reached XP level 3. HP: 4/16 MP: 1/7
  1814 | D:2      | Found a hide-covered altar of Uskayaw.
  1817 | D:2      | Noticed a +0 dagger
  1818 | D:2      | Noticed a +0 hand axe
  2297 | D:2      | Found an ornate altar of the Wu Jian Council.
  2457 | D:3      | Reached skill level 3 in Spellcasting
  2466 | D:3      | Gained mutation: Your natural rate of healing is unusually
                  | fast. [Vine Stalker growth]
  2466 | D:3      | Reached XP level 4. HP: 18/21 MP: 5/9
  2503 | D:3      | Found a faded altar of an unknown god.
  2724 | D:3      | Reached skill level 5 in Necromancy
  3415 | D:4      | Found a basalt altar of Yredelemnul.
  3529 | D:4      | Found a glowing drain.
  3537 | Sewer    | Entered a sewer
  3772 | Sewer    | Noticed a crocodile
  3780 | Sewer    | Killed a crocodile
  3780 | Sewer    | Reached skill level 1 in Maces & Flails
  3780 | Sewer    | Reached XP level 5. HP: 14/25 MP: 5/11
  3925 | D:4      | Found Uhey's Distillery.
  4034 | D:4      | Reached skill level 1 in Armour
  4050 | D:4      | Reached XP level 6. HP: 23/29 MP: 6/12
  4250 | D:4      | Reached skill level 4 in Spellcasting
  4350 | D:4      | Found a white marble altar of Elyvilon.
  4498 | D:5      | Entered Level 5 of the Dungeon
  4725 | D:5      | Reached XP level 7. HP: 32/32 MP: 14/14
  4736 | D:5      | Found Acuhell's Book Shop.
  4996 | D:5      | Reached skill level 1 in Fighting
  5072 | D:5      | Found a hazy altar of Hepliaklqana.
  5302 | D:6      | Found an iron altar of Okawaru.
  5305 | D:6      | Became a worshipper of Warmaster Okawaru
  5431 | D:6      | Reached skill level 5 in Spellcasting
  5436 | D:6      | Found a staircase to the Ecumenical Temple.
  5579 | D:6      | Gained mutation: You have razor-sharp teeth. [Vine Stalker
                  | growth]
  5579 | D:6      | Reached XP level 8. HP: 32/37 MP: 16/16
  5650 | D:6      | Noticed Duvessa
  5650 | D:6      | Noticed Dowan
  5684 | D:6      | Killed Duvessa
  5684 | D:6      | Reached skill level 1 in Axes
  5700 | D:6      | Killed Dowan
  5700 | D:6      | Reached * piety under Okawaru
  6063 | D:7      | Reached skill level 6 in Spellcasting
  6160 | D:7      | Learned a level 3 spell: Vampiric Draining
  6184 | D:7      | Found an opulent altar of Gozag.
  6251 | D:7      | Reached XP level 9. HP: 42/42 MP: 19/19
  6275 | D:7      | Reached ** piety under Okawaru
  6309 | D:7      | Learned a level 3 spell: Regeneration
  6312 | D:7      | Noticed Prince Ribbit
  6402 | D:7      | Reached skill level 7 in Spellcasting
  6599 | D:7      | Got a crude shortbow
  6845 | D:7      | Identified the +5 shortbow of the Pits of Slime {freeze,
                  | rElec rC++ Dex-3 SInv} (You found it on level 7 of the
                  | Dungeon)
  6886 | D:7      | Killed Prince Ribbit
  6973 | D:7      | Reached skill level 1 in Bows
  6981 | D:7      | Noticed Harold
  7009 | D:7      | Killed Harold
  7009 | D:7      | Reached *** piety under Okawaru
  7009 | D:7      | Reached XP level 10. HP: 7/46 MP: 1/22
  7045 | D:7      | Received a gift from Okawaru
  7365 | D:8      | Noticed a two-headed ogre
  7372 | D:8      | Killed a two-headed ogre
  7395 | D:8      | Reached skill level 5 in Bows
  7531 | D:8      | Noticed Grum
  7562 | D:8      | Killed Grum
  7565 | D:8      | Reached **** piety under Okawaru
  8063 | D:8      | Reached skill level 8 in Spellcasting
  8244 | D:8      | Found a viscous altar of Jiyva.
  8319 | D:8      | Noticed Psyche
  8326 | D:8      | Killed Psyche
  8405 | D:8      | Noticed a two-headed ogre
  8421 | D:8      | Killed a two-headed ogre
  8421 | D:8      | Reached XP level 11. HP: 47/52 MP: 15/24
  8500 | D:8      | Reached ***** piety under Okawaru
  8821 | D:9      | Found a burning altar of Makhleb.
  8824 | D:9      | Noticed a balrug
  8890 | D:9      | Noticed Erolcha
  9056 | D:9      | Found a large runed translucent door.
  9056 | D:9      | Found a large runed translucent door.
  9079 | D:9      | Noticed a red ugly thing
  9325 | D:9      | Killed a red ugly thing
  9325 | D:9      | Received a gift from Okawaru
  9381 | D:9      | Noticed ohad's ghost (novice OpTm)
  9405 | D:9      | Found a sacrificial altar of Ru.
  9553 | D:9      | Killed Erolcha
  9553 | D:9      | Reached skill level 9 in Spellcasting
  9587 | D:10     | Entered Level 10 of the Dungeon
  9737 | D:10     | Received a gift from Okawaru
 10060 | D:10     | Found Gydetam's Antique Weapon Shoppe.
 10066 | D:10     | Received a gift from Okawaru
 10242 | D:10     | Received a gift from Okawaru
 10286 | D:10     | Bought a warped battleaxe for 333 gold pieces
 10286 | D:10     | Identified the +4 battleaxe of Zoafulof {chop, rPois rC-
                  | MR+ Int+2} (You bought it in a shop on level 10 of the
                  | Dungeon)
 10444 | D:10     | Found a staircase to the Lair.
 10597 | D:10     | Annihilated by an enormous slime creature

Skill      XL: |  1  2  3  4  5  6  7  8  9 10 11 |
---------------+----------------------------------+-----
Spellcasting   | 3 4 5 6 7 8 9 |  9.1
Necromancy     | 5 6 7 8 |  8.7
Dodging        | 2 3 |  3.6
Maces & Flails | 1 2 3 |  3.4
Armour         | 1 2 3 4 |  4.8
Fighting       | 1 2 3 4 |  4.0
Stealth        | 3 4 |  4.7
Axes           | 2 3 4 |  4.8
Bows           | 3 6 7 |  7.8
Charms         | |  0.1
Invocations    | |  0.2

Action                   |  1- 3 |  4- 6 |  7- 9 | 10-12 || total
-------------------------+-------+-------+-------+-------++-------
Melee: Dagger            |     4 |       |       |       ||     4
       Bite              |     6 |    20 |    64 |    76 ||   166
       Mace              |    13 |    92 |    45 |    10 ||   160
       Hand axe          |       |       |   151 |   107 ||   258
       Battleaxe         |       |       |       |    52 ||    52
 Fire: Shortbow          |       |       |    30 |   220 ||   250
Throw: Throwing net      |       |       |       |     1 ||     1
 Cast: Pain              |    69 |    61 |    95 |    67 ||   292
       Vampiric Draining |       |       |     9 |    11 ||    20
       Regeneration      |       |       |       |     1 ||     1
Invok: Heroism           |       |       |       |     6 ||     6
  Use: Scroll            |       |     8 |     4 |     2 ||    14
       Potion            |       |       |     4 |     3 ||     7
 Stab: Sleeping          |     1 |       |     2 |     1 ||     4
       Distracted        |       |       |     2 |       ||     2
  Eat: Chunk             |     5 |     8 |    21 |    11 ||    45
       Ration            |       |       |       |     2 ||     2
Armor: Robe              |     2 |       |       |       ||     2
       Ring mail         |     3 |    53 |   130 |    43 ||   229
       Skin              |       |       |     3 |       ||     3
       Chain mail        |       |       |       |   146 ||   146
Dodge: Dodged            |    20 |    60 |   179 |   164 ||   423
